 Dungeon Crawl Stone Soup version 0.26.0-10-g1f06aea511 (webtiles) character file.

Game seed: 17148562152235030649

197 DoubleLucky the Chopper (level 5, -7/41 HPs)
             Began as a Demonspawn Gladiator on Jan 14, 2021.
             Mangled by Menkaure (9 damage)
             ... on level 4 of the Dungeon.
             The game lasted 00:14:55 (3857 turns).

DoubleLucky the Chopper (Demonspawn Gladiator)      Turns: 3857, Time: 00:14:55

Health: -7/41      AC: 15    Str: 16    XL:     5   Next: 46%
Magic:  5/5        EV:  1    Int:  9    God:
Gold:   178        SH:  0    Dex: 20    Spells: 4/4 levels left

rFire    + . .     SeeInvis .   a - +0 war axe
rCold    . . .     Faith    .   (no shield)
rNeg     . . .     Spirit   .   d - +0 crystal plate armour
rPois    .         Reflect  .   (helmet restricted)
rElec    .         Harm     .   (no cloak)
rCorr    .         Rampage  .   (no gloves)
Will     .....                  w - +0 pair of boots
Stlth    ..........             (no amulet)
HPRegen  0.13/turn              c - +6 ring of dexterity
MPRegen  0.09/turn              k - ring of protection from fire

@: no status effects
A: antennae 1
a: no special abilities


You were on level 4 of the Dungeon.
You visited 1 branch of the dungeon, and saw 4 of its levels.

You collected 178 gold pieces.

Inventory:

Hand Weapons
 a - a +0 war axe (weapon)
Armour
 b - a +0 leather armour
 d - a +0 crystal plate armour (worn)
 j - a +0 chain mail
 w - a +0 pair of boots (worn)
Jewellery
 c - a +6 ring of dexterity (left hand)
 k - a ring of protection from fire (right hand)
 m - a +4 ring of protection {unknown}
 p - an uncursed ring of poison resistance {unknown}
Wands
 v - a wand of flame (11)
Scrolls
 h - 3 scrolls of identify {unknown}
 n - a scroll of enchant weapon {unknown}
 q - 2 scrolls of teleportation {unknown}
 r - a scroll of noise {unknown}
 t - a scroll of immolation {unknown}
 u - a scroll of remove curse {unknown}
 x - a scroll of fear {unknown}
Potions
 e - 4 potions of curing {unknown}
 f - 2 potions of invisibility {unknown}
 g - 2 potions of lignification {unknown}
 i - 2 potions of flight {unknown}
 l - a potion of might {unknown}
 o - a potion of magic {unknown}
 s - a potion of heal wounds {unknown}


   Skills:
 + Level 3.0 Fighting
 + Level 4.7 Axes
 - Level 1.8 Throwing
 + Level 1.4 Armour
 - Level 3.0 Dodging


You had 4 spell levels left.
You didn't know any spells.
Your spell library was empty.

Dungeon Overview and Level Annotations

Branches:
Dungeon (4/15)
 Temple: D:4-7

Altars:
Sif Muna

Annotations:
D:3 1 runed translucent door, exclusion: downstairs, Crazy Yiuf
D:4 Menkaure


Innate Abilities, Weirdness & Mutations

You have a pair of small antennae on your head.


Message History

You kill the adder!
You hit Menkaure. Menkaure hits you! Menkaure hits you.
Your Fighting skill increases to level 3!
You hit Menkaure.
Menkaure is heavily damaged.
Menkaure barely misses you.
You hit Menkaure.
Menkaure is severely damaged.
Menkaure calls on the powers of darkness!
Your body is wracked with pain!
Menkaure gestures at you while chanting.
Pain shoots through your body!
* * * LOW HITPOINT WARNING * * *
You slash Menkaure!
Menkaure is almost destroyed.
Menkaure hits you but does no damage.
You hit Menkaure but do no damage.
Menkaure is almost destroyed.
Menkaure hits you!
You die...

##.......<...#
#........
##............#
#........
#.............#
#........
#.............#
##........
##............#
#.........
###..........#
#.........
##.........####$.......
###....#####..M.......
###..@##....#...#...
##.M...####{.!# .
##..### S.## #..## M.#
#..# .## #.## .. .. #.#
..


You could see Menkaure (fast).

Vanquished Creatures
  A jelly (D:3)
  3 gnolls (D:2)
  4 adders
  2 oozes (D:1)
  7 worms
  A dart slug (D:1)
  3 leopard geckos
  3 orcs (D:3)
  7 giant cockroaches
  9 goblins
  4 hobgoblins
  4 kobolds
  2 quokkas
  8 bats
  2 frilled lizards
  11 rats
71 creatures vanquished.

Notes
Turn   | Place    | Note
-------+----------+-------------------------------------------
     0 | D:1      | DoubleLucky the Demonspawn Gladiator began the quest for
                  | the Orb.
     0 | D:1      | Reached XP level 1. HP: 16/16 MP: 1/1
   117 | D:1      | Gained mutation: You have a pair of small antennae on your
                  | head. [demonic ancestry]
   117 | D:1      | Reached XP level 2. HP: 22/22 MP: 2/2
   301 | D:1      | Reached skill level 3 in Axes
   608 | D:1      | Reached XP level 3. HP: 27/27 MP: 3/3
  1640 | D:2      | Reached XP level 4. HP: 31/34 MP: 4/4
  1914 | D:2      | Reached skill level 4 in Axes
  2081 | D:2      | Reached skill level 1 in Armour
  2418 | D:3      | Found a shimmering blue altar of Sif Muna.
  2674 | D:3      | Reached XP level 5. HP: 23/40 MP: 5/5
  3546 | D:3      | Found a runed translucent door.
  3547 | D:3      | Noticed Crazy Yiuf
  3839 | D:4      | Noticed Menkaure
  3855 | D:4      | HP: 2/41 [Menkaure/nerve-wracking pain (11)]
  3857 | D:4      | Mangled by Menkaure

Illustrated notes

Levels and vault maps discovered:
D:1:      tarquinn_simple_flora_water_f, layout_basic, serial_bayou_lagoon_a,
          minmay_ruptured
D:2:      layout_basic
D:3:      kb_forest_paths, layout_basic, overflow_temple_1_default,
          uniq_crazy_yiuf_cottage
D:4:      layout_cave_pods, old_standard_altar, glass_columns_c,
          minmay_circle_x, uniq_menkaure, uniq_robin, uniq_eustachio

Skill      XL: |  1  2  3  4  5 |
---------------+----------------+-----
Dodging        | 3 |  3.0
Axes           | 3 4 |  4.7
Armour         | 1 |  1.4
Fighting       | 3 |  3.0
Throwing       | |  1.8

Action                   |  1- 3 |  4- 6 || total
-------------------------+-------+-------++-------
Melee: War axe           |   105 |   125 ||   230
Throw: Throwing net      |     3 |       ||     3
Armor: Leather armour    |    16 |       ||    16
       Chain mail        |    17 |       ||    17
       Crystal plate arm |    12 |   106 ||   118
Dodge: Dodged            |    65 |     8 ||    73
